[Event "*** Titled Tuesday Blitz"]
[Site "Chess.com"]
[Date "2021.04.20"]
[Round "8"]
[White "chessdjw"]
[Black "RzayevB"]
[Result "1/2-1/2"]
[WhiteElo "2742"]
[BlackElo "2627"]
[TimeControl "180+1"]
[EndTime "11:28:16 PDT"]
[Termination "Game drawn by repetition"]

1. e4 c5 2. Nf3 Nc6 3. Bb5 d6 4. O-O Bd7 5. Re1 Nf6 6. c3 a6 7. Bxc6 Bxc6 8. d4 cxd4 9. cxd4 Bxe4 10. Nc3 d5 11. Bg5 e6 12. Nxe4 dxe4 13. Rxe4 Be7 14.
Bxf6 Bxf6 15. Qb3 O-O 16. Qxb7 Rb8 17. Qxa6 Rxb2 18. a4 Qd5 19. Qd3 Ra8 20. Ree1 Rb4 21. Reb1 Bxd4 22. Nxd4 Rxd4 23. Qg3 h5 24. h3 Raxa4 25.
Rxa4 Rxa4 26. Qb8+ Kh7 27. Rb5 Qd1+ 28. Kh2 f6 29. f3 e5 30. Qe8 Rh4 31. Rb7 Qd2 32. Rd7 Qg5 33. Rd8 Rd4 34. Rxd4 exd4 35. Qe4+ g6 36.
Qxd4 h4 37. Qd7+ Kh6 38. Qd1 Qg3+ 39. Kg1 f5 40. Kf1 Qh2 41. Qd2+ f4 42. Qd4 Qg3 43.
Qh8+ Kg5 44. Qe5+ Kh6 45. Qb8 Kg5 46. Qd8+ Kf5 47. Qf8+ Kg5 48. Qe7+ Kh6 49. Qd8 Kh5 50. Qf6 Kh6 51. Qe7 Kh5 52. Kg1 Kh6 53. Kf1 Kh5 54. Qe6 Kh6 55. Qg4 Qxg4 56. fxg4 g5 57. Ke2 Kg6 58. Kd3 Kf7 59. Kc4 Ke6 60. Kd4 Kd6 61. Ke4 Ke6 62. Kd4 Kd6 63. Ke4 Ke6 64.
Kd4 1/2-1/2

[Event "*** Titled Tuesday Blitz"]
[Site "Chess.com"]
[Date "2021.04.20"]
[Round "8"]
[White "MarcoRiehle"]
[Black "davidkalashian"]
[Result "0-1"]
[WhiteElo "2698"]
[BlackElo "2556"]
[TimeControl "180+1"]
[EndTime "11:28:17 PDT"]
[Termination "davidkalashian won by checkmate"]

1. e4 c6 2. c4 g6 3. Nc3 Bg7 4. d4 d6 5. f3 e5 6. d5 Ne7 7. g4 h5 8. g5 O-O 9. Be3 a6 10. Qd2 b5 11. O-O-O c5 12. Kb1 Nd7 13. Nge2 Nb6 14. cxb5 Nc4 15. Qd3 axb5 16. Bc1 Ba6 17. b3 Nb6 18. Nxb5 Qd7 19. Nec3 Rfc8 20. Qe3 Rab8 21. Bb2 c4 22. a4 cxb3 23. Rc1 Nxa4 24. Nxa4 Rxc1+ 25. Kxc1 Bxb5 26. Bxb5 Qxb5 27. Nc3 Qa5 28.
Kd2 Rc8 29. Ra1 Qb4 30. Ra4 Qb8 31. Qa7 Bf8 32. Qd7 Qb6 33. Qa7 Qb8 34. Qxb8 Rxb8 35.
Rc4 Nc8 36. Na4 Be7 37. Kc3 Bxg5 38. Rc6 h4 39. h3 Be3 40. Kd3 Bf2 41. Ba3 Ra8 42. Nb2 Rxa3 43. Rxc8+ Kg7 44. Rc6 Bd4 45. Nc4 Ra1 46. Rxd6 Rc1 47. Rd7 Rc3+ 48. Kd2 Rxc4 49. Rb7 b2 50. d6 Rc6 51. d7 Rd6 52. Kc2 Kf6 53. f4 Ke7 54. f5 Rxd7 55. f6+ Ke6 56.
Rb3 Rc7+ 57. Kd2 Kxf6 58. Rf3+ Kg7 59. Rb3 Rc1 60. Ke2 b1=Q 61. Rd3 Qc2+ 62. Kf3 Qc4 63. Kg4 Qxd3 64. Kxh4 Qxe4+ 65. Kg3 Rg1+ 66. Kh2 Qf4# 0-1

[Event "*** Titled Tuesday Blitz"]
[Site "Chess.com"]
[Date "2021.04.20"]
[Round "8"]
[White "eduardoperalta"]
[Black "Borsuk_Konstantin"]
[Result "0-1"]
[WhiteElo "2502"]
[BlackElo "2700"]
[TimeControl "180+1"]
[EndTime "11:28:17 PDT"]
[Termination "Borsuk_Konstantin won by checkmate"]

1. d4 Nf6 2. c4 e6 3. Nc3 Bb4 4. Nf3 b6 5. e3 Bb7 6. Bd3 Bxc3+ 7.
bxc3 d6 8. O-O Nbd7 9. Qe2 e5 10. e4 Qe7 11. Re1 a5 12. Ba3 O-O 13. g3 Rfe8 14.
Nh4 g6 15. f3 Nh5 16. Ng2 Ng7 17. Ne3 Ne6 18. Qb2 Qf6 19. Nd5 Qxf3 20. Rad1 Kg7 21.
Rf1 Qh5 22. c5 dxc5 23. dxc5 Bxd5 24. exd5 Nexc5 25. Be2 Qg5 26. Bb5 Qe3+ 27. Kh1 Qe4+ 28. Kg1 Qe3+ 29. Kh1 Rad8 30. Rde1 Qg5 31. Qf2 f5 32. Bxc5 Nxc5 33. Bxe8 Rxe8 34. Qe2 e4 35. Qb5 Re7 36. d6 cxd6 37. Qxb6 Qf6 38. Qxa5 h5 39. Re3 h4 40. Qb4 hxg3 41. hxg3 Nd3 42. Qd4 Qxd4 43.
cxd4 Ra7 44. Re2 Ra4 45. Rb1 Rxd4 46. Rb6 Kf6 47. Kg1 Ra4 48. Rxd6+ Kg5 49. Rb6 Ne5 50. Rc2 Ra3 51. Rb3 Ra4 52. Rb5 Nf3+ 53. Kg2 Kg4 54. Re2 g5 55. Rb7 Ra3 56. Rb8 Nd4 57. Rf2 Rxg3+ 58.
Kf1 Rc3 59. Rg2+ Kf4 60. Rbb2 Nf3 61. Rgf2 g4 62. Rfc2 Rd3 63. Rb3 Rd1+ 64. Ke2 Re1+ 65. Kf2 g3+ 66. Kg2 Rg1+ 67. Kh3 Rh1+ 68. Kg2 Rh2+ 69.
Kf1 Rxc2 70. Rb2 g2# 0-1

[Event "*** Titled Tuesday Blitz"]
[Site "Chess.com"]
[Date "2021.04.20"]
[Round "8"]
[White "Kale36"]
[Black "Koalaskakistis"]
[Result "0-1"]
[WhiteElo "2318"]
[BlackElo "2555"]
[TimeControl "180+1"]
[EndTime "11:28:19 PDT"]
[Termination "Koalaskakistis won on time"]

1. b3 f5 2. Bb2 Nc6 3. Nf3 Nf6 4.
e3 g6 5. Bxf6 exf6 6. c4 d5 7.
cxd5 Qxd5 8. Nc3 Qa5 9. a3 Qc5 10. b4 Qe7 11. Nd5 Qg7 12. b5 Ne5 13. Qc2 Bd6 14. Rc1 O-O 15. Nxc7 Rb8 16. d4 Nxf3+ 17.
gxf3 Bxa3 18. Qb3+ Kh8 19. Qxa3 Bd7 20. Ne6 Bxe6 21.
Qxa7 Bd5 22. Bg2 g5 23. Qc5 Rbd8 24. e4 fxe4 25. fxe4 Rfe8 26. O-O Bxe4 27. Bxe4 Rxe4 28. Qc7 Rde8 29. Qxg7+ Kxg7 30. Rc7+ R8e7 31. b6 Kf7 32. Rfc1 Rxd4 33. Rxe7+ Kxe7 34. Rc7+ Rd7 35. Rc2 Ke6 36.
Kg2 Rd6 37. Rc7 Rxb6 38. Rxh7 Kf5 39. h4 g4 40. h5 Kg5 41. h6 Kg6 42. Rh8 f5 43. h7 Kg7 44. Rf8 Kxh7 45. Rxf5 Kg6 46. Rc5 Rb3 47. Rd5 b5 48. Rc5 b4 49. Rb5 Kf6 50. Kf1 Ke6 51. Ke2 Kd6 52. Rg5 Rb2+ 53. Ke3 b3 54. Rxg4 Kc5 55. Rg8 Rc2 56. Rc8+ Kb4 57. Rb8+ Ka3 58. f4 Rc1 59. Ke4 b2 60. f5 Rc4+ 61. Ke5 Rb4 62. Ra8+ Kb3 63. f6 b1=Q 64. f7 Qe4+ 65. Kf6 Qxa8 66. Kg7 Rb7 0-1

[Event "*** Titled Tuesday Blitz"]
[Site "Chess.com"]
[Date "2021.04.20"]
[Round "8"]
[White "AryanTari"]
[Black "frederiksvane"]
[Result "1-0"]
[WhiteElo "2895"]
[BlackElo "2758"]
[TimeControl "180+1"]
[EndTime "11:28:22 PDT"]
[Termination "AryanTari won by resignation"]

1. d4 Nf6 2. Nf3 e6 3. Bf4 Bd6 4.
e3 O-O 5. Bd3 b6 6. O-O Bb7 7.
a4 Nc6 8. c3 Nd5 9. Bg3 Bxg3 10. hxg3 f5 11. Nbd2 a5 12. e4 fxe4 13. Nxe4 Nf6 14.
Re1 Nxe4 15. Bxe4 Qf6 16. Qd2 Kh8 17. g4 Qf4 18. Qxf4 Rxf4 19. g3 Rxe4 20. Rxe4 Nb4 21.
Nd2 Bxe4 22. Nxe4 Nd5 23. Kg2 Kg8 24. g5 Rf8 25. Rh1 Rb8 26. c4 Nb4 27. Nc3 c6 28. b3 Rf8 29. f4 d5 30. Re1 Kf7 31.
Kf3 Rd8 32. Rd1 h6 33. gxh6 gxh6 34. g4 Kg6 35. Ne2 Kf6 36. Rh1 Kg6 37. Rd1 Nc2 38. Rc1 Nb4 39. c5 Rb8 40. cxb6 Rxb6 41. Rc3 Na2 42.
Re3 Kf6 43. Kg3 Rb7 44. Kh4 Rb8 45. g5+ hxg5+ 46. fxg5+ Kf7 47. Rf3+ Ke7 48. g6 Nb4 49. Rf7+ Kd6 50. g7 Rg8 51. Kg5 e5 52. Kg6 exd4 53. Nxd4 c5 54. Nf5+ Ke5 55. Re7+ Kf4 56. Nh6 Rxg7+ 57. Kxg7 d4 58. Kf7 d3 59. Rd7 Ke3 60. Ng4+ Kf4 61. Nf2 Ke3 62. Nxd3 Nxd3 63. Ke6 Kd2 64. Kd5 Kc3 65. Rb7 Nb4+ 66. Kxc5 Kxb3 67.
Kb5 Ka3 68. Kxa5 Nc6+ 69. Kb6 Nb4 70. a5 Nd5+ 71. Kc5 1-0

[Event "*** Titled Tuesday Blitz"]
[Site "Chess.com"]
[Date "2021.04.20"]
[Round "8"]
[White "maxip32"]
[Black "Jenia84"]
[Result "1/2-1/2"]
[WhiteElo "2522"]
[BlackElo "2413"]
[TimeControl "180+1"]
[EndTime "11:28:23 PDT"]
[Termination "Game drawn by repetition"]

1. e4 e5 2. Nf3 Nc6 3. d4 exd4 4. Nxd4 Nxd4 5. Qxd4 Qf6 6. e5 Qb6 7. Qxb6 axb6 8. Nc3 d6 9. Nb5 Kd8 10. exd6 c6 11.
Nc3 Bxd6 12. Be3 Kc7 13. O-O-O Bf5 14. Bxb6+ Kxb6 15. Rxd6 Nf6 16. f3 Be6 17. a3 Nd5 18. Nxd5+ Bxd5 19. Rd7 Rhe8 20. Bd3 g6 21. Kd2 Re5 22.
Re1 Rae8 23. Rxe5 Rxe5 24. c4 Be6 25. Rd4 Rh5 26. h3 Rg5 27. g4 Ra5 28. Kc3 h5 29. Rf4 hxg4 30. fxg4 Re5 31. b4 Re3 32. h4 Rg3 33. g5 Bf5 34. Rd4 Rh3 35. c5+ Kc7 36.
Kc2 Bxd3+ 37. Rxd3 Rxh4 38. Rf3 Rg4 39. Rxf7+ Kb8 40.
Kb3 Rxg5 41. Ka4 Rg3 42. Rg7 Ka7 43. Rg8 g5 44. Rg7 Ka6 45. Rg8 b5+ 46. cxb6 Kxb6 47.
Rg6 Kb7 48. Rh6 Kc7 49. Rg6 Kd7 50. Rg8 Kd6 51. Rd8+ Kc7 52. Rg8 Kb6 53. Rg6 Kb7 54. Re6 Kc7 55. Rg6 g4 56. Rg5 Kd6 57. Rg7 Kd5 58.
Rg5+ Kd6 59. b5 cxb5+ 60. Rxb5 Rf3 61. Rg5 g3 62. Kb4 Ke6 63. a4 Kf6 64. Rg8 Ke5 65. a5 Kf4 66. a6 Rf2 67. Kb3 Rf3+ 68. Kb4 Rf2 69. Ka3 Rf3+ 70. Kb2 Rf2+ 71. Kb3 Rf3+ 72. Kb4 1/2-1/2

[Event "*** Titled Tuesday Blitz"]
[Site "Chess.com"]
[Date "2021.04.20"]
[Round "8"]
[White "profofchess"]
[Black "Reader777"]
[Result "1-0"]
[WhiteElo "2520"]
[BlackElo "2673"]
[TimeControl "180+1"]
[EndTime "11:28:25 PDT"]
[Termination "profofchess won by resignation"]

1. e4 c5 2. Nf3 d6 3. d4 cxd4 4.
Qxd4 a6 5. Be2 Nc6 6. Qe3 g6 7. O-O Bg7 8. Rd1 Bg4 9. h3 Bxf3 10. Bxf3 Qc8 11. Nc3 Nf6 12. Nd5 Nd7 13. c3 O-O 14. Qg5 Nde5 15. Be2 Qd8 16. Be3 e6 17. Qxd8 Raxd8 18. Nb6 f5 19. exf5 gxf5 20. f4 Ng6 21. Rd2 Bh6 22.
g3 e5 23. Nd5 exf4 24. gxf4 Rde8 25. Kf2 Kh8 26. Bd3 Rf7 27. Rg1 Nce7 28. Bd4+ Bg7 29.
Bc4 Nxd5 30. Bxd5 Rfe7 31. Bxg7+ Kxg7 32. Bf3 Rd8 33. Rd5 Rf7 34. Rd4 Kf6 35. Rgd1 Rfd7 36. Bh5 Ne7 37. a4 Nc6 38. Rd5 Ne7 39. R5d4 a5 40.
Bf3 b6 41. R4d3 d5 42. Rd4 Ke6 43. h4 Nc6 44. R4d3 Rd6 45. h5 Ne7 46. Re3+ Kd7 47.
Re5 Nc6 48. Rexd5 Kc7 49. Rxd6 Rxd6 50. Rxd6 Kxd6 51. Bxc6 Kxc6 52. Ke3 Kc5 53. b3 Kd5 54. Kd3 Kc5 55. c4 Kb4 56. Kc2 Kc5 57. Kc3 h6 58. Kd3 Kb4 59. Kc2 Kc5 60. Kc3 Kc6 61. b4 Kd6 62.
bxa5 bxa5 63. Kd4 Kc6 64. c5 Kc7 65. Kd5 Kb7 66. Kd6 Kc8 67. c6 Kd8 68. Ke5 Kc7 69.
Kxf5 Kxc6 70. Kg6 Kc5 71. f5 Kb4 72. f6 Kxa4 73. f7 Kb3 74. f8=Q a4 75. Qa8 1-0

[Event "*** Titled Tuesday Blitz"]
[Site "Chess.com"]
[Date "2021.04.20"]
[Round "8"]
[White "AniJak"]
[Black "leopato"]
[Result "1-0"]
[WhiteElo "2283"]
[BlackElo "2123"]
[TimeControl "180+1"]
[EndTime "11:28:25 PDT"]
[Termination "AniJak won by resignation"]

1. e4 c5 2. Nf3 d6 3. d4 cxd4 4. Qxd4 Nf6 5. Nc3 Nc6 6. Bb5 Bd7 7. Bxc6 Bxc6 8. O-O g6 9. Bg5 Bg7 10. Rfe1 O-O 11. Qd2 b5 12. Rad1 b4 13. Nd5 Bxd5 14. exd5 Rc8 15. Qxb4 Rxc2 16. Nd4 Nxd5 17. Qa4 Rc5 18. b4 Nc3 19. Qa6 Rxg5 20. Nc6 Qb6 21. Nxe7+ Kh8 22. Qxb6 axb6 23. Rd2 h6 24. f4 Rb5 25. a3 Kh7 26. Nc6 Rc8 27. Na7 Rbc5 28. bxc5 Rxc5 29. Rxd6 Rc4 30. g3 Bd4+ 31. Kg2 Bc5 32.
Rd7 Kg7 33. Re8 Ne4 34. Nb5 Rc2+ 35. Kf3 Nd2+ 36. Kg4 h5+ 37. Kh3 Nf3 38. g4 Rxh2+ 39. Kg3 hxg4 40. Kxg4 Nh4 41. Kg3 Rh1 42. Nd6 Bxd6 43.
Kf2 Nf5 44. Rc8 Bxf4 45. Rc6 Rh2+ 46. Kf3 b5 47. Kxf4 Rf2+ 48. Ke4 Ng3+ 49. Ke3 Rf5 50. Rcc7 Nh5 51. Rb7 Nf6 52. Rdc7 Kh6 53. Rxf7 Nd5+ 54. Kd4 Rxf7 55. Rxf7 Nc3 56. Kxc3 Kh5 57. Re7 g5 58. Kb4 g4 59. Kxb5 Kh4 60. Re1 Kh3 61. Rc1 Kg2 62. a4 Kf2 63. a5 Ke3 64. a6 g3 65. a7 Kd2 66. Ra1 g2 67. a8=Q Kc3 68. Qc6+ Kb3 69. Qxg2 Kc3 70. Qf3+ 1-0

[Event "*** Titled Tuesday Blitz"]
[Site "Chess.com"]
[Date "2021.04.20"]
[Round "8"]
[White "SirStrateg"]
[Black "Rozhkov_V"]
[Result "1/2-1/2"]
[WhiteElo "2615"]
[BlackElo "2449"]
[TimeControl "180+1"]
[EndTime "11:28:27 PDT"]
[Termination "Game drawn - insufficient material"]

1. d4 d5 2. Nc3 Nf6 3. Bg5 h6 4. Bxf6 exf6 5. e4 Bb4 6. exd5 O-O 7. Bd3 Qxd5 8. Kf1 Bxc3 9. bxc3 b6 10. Qf3 Bb7 11.
Qxd5 Bxd5 12. c4 Bb7 13. Ne2 Nd7 14. f3 Ba6 15. Nc3 c5 16. Nd5 Bb7 17. Ne7+ Kh8 18. d5 g6 19. f4 Rfe8 20. Re1 Kg7 21. Kf2 Kf8 22. Nc6 Rec8 23. Re3 Bxc6 24. dxc6 Nb8 25.
c7 Rxc7 26. Be4 Nc6 27. Rd1 Re8 28. c3 Na5 29. Bd5 Rxe3 30. Kxe3 Rd7 31. Rb1 Ke7 32. g4 Kd6 33. h4 Re7+ 34. Kf3 Kc7 35. Rd1 Nb7 36. a4 Nd6 37. Ra1 h5 38. gxh5 gxh5 39.
a5 Nf5 40. axb6+ Kxb6 41. Rb1+ Kc7 42. Rh1 Kd6 43. Be4 Nh6 44. Ra1 Ng4 45. Ra6+ Kd7 46. Rxa7+ Kd8 47. Ra8+ Kc7 48. Ra7+ Kd6 49. Ra6+ Kd7 50.
Ra5 Kd6 51. Ra6+ Kc7 52. Rc6+ Kd7 53. Rxc5 Nh2+ 54. Ke3 f5 55. Rxf5 Ng4+ 56. Kd4 Kc7 57. Rc5+ Kb6 58. Rxh5 Rxe4+ 59. Kxe4 Nf6+ 60. Kf5 Nxh5 61. Kg5 Ng7 62. Kf6 Nh5+ 63. Kxf7 Nxf4 64. Kf6 Kc5 65. Kg5 Ne6+ 66. Kf6 Nf4 67. Kf5 Nh5 68. Kg5 Ng3 69. Kg4 Ne4 70. Kf4 Nf6 71. Kf5 Nh5 72. Kg5 Ng3 73. Kg4 Ne4 74. h5 Nf6+ 75. Kg5 Nxh5 76. Kxh5 Kxc4 77. Kh6 Kxc3 1/2-1/2

[Event "*** Titled Tuesday Blitz"]
[Site "Chess.com"]
[Date "2021.04.20"]
[Round "8"]
[White "Andreikka"]
[Black "SchmakAttack"]
[Result "1-0"]
[WhiteElo "2868"]
[BlackElo "2631"]
[TimeControl "180+1"]
[EndTime "11:28:33 PDT"]
[Termination "Andreikka won on time"]

1. c4 e5 2. Nc3 Nf6 3. Nf3 Nc6 4. e4 Bb4 5. d3 d6 6. a3 Bxc3+ 7. bxc3 h6 8. g3 a6 9. Rb1 O-O 10. Bg2 Nd7 11. Nh4 Nc5 12. Be3 b5 13. cxb5 axb5 14. Bxc5 dxc5 15. Rxb5 Rxa3 16. Rxc5 Qd6 17. Rd5 Qe7 18. Qc1 Na7 19. O-O c6 20. Rxe5 Qxe5 21. Qxa3 Nb5 22. Qb2 Qxc3 23. Qxc3 Nxc3 24. Re1 Ba6 25. Bf1 Rd8 26. Rc1 Na4 27. Nf5 c5 28. Ne7+ Kf8 29. Nd5 Bb7 30. Rc4 Bxd5 31. exd5 Nb6 32.
Rxc5 Nxd5 33. Kg2 g5 34. Kf3 Ne7 35. Ke3 Kg7 36. Bg2 Kf6 37. Be4 Rb8 38. Ra5 Rb6 39. Kf3 Ke6 40. Kg4 f5+ 41. Bxf5+ Nxf5 42. Rxf5 Rb4+ 43. f4 Rd4 44. Re5+ Kf6 45. Re3 h5+ 46. Kxh5 gxf4 47. Rf3 Kg7 48. Rxf4 Rxd3 49. Kg4 Rd5 50. Ra4 Kg6 51. h4 Rb5 52. h5+ Kh6 53. Ra6+ Kg7 54.
Kh4 Rc5 55. g4 Rb5 56. Ra7+ Kg8 57. h6 Rc5 58. g5 Rc6 59. Kh5 Rc5 60. Ra6 Rb5 61.
Kg6 Rb8 62. Rf6 Kh8 63. Rf5 Rg8+ 64. Kh5 Rb8 65. g6 Rc8 66. Kg5 Rb8 67. Re5 Rc8 68. Kf6 Rf8+ 69. Ke7 Ra8 70. Rd5 1-0

[Event "*** Titled Tuesday Blitz"]
[Site "Chess.com"]
[Date "2021.04.20"]
[Round "8"]
[White "MaevskiyNikolay"]
[Black "Gusarov91"]
[Result "0-1"]
[WhiteElo "2471"]
[BlackElo "2641"]
[TimeControl "180+1"]
[EndTime "11:28:33 PDT"]
[Termination "Gusarov91 won by resignation"]

1. Nf3 c6 2. c4 d5 3. e3 Nf6 4.
Nc3 Bg4 5. Qb3 Bc8 6. Qc2 a6 7. b3 g6 8. Bb2 Bf5 9. d3 Bg7 10. Be2 O-O 11. Nh4 Be6 12. O-O b5 13.
Rfd1 Nbd7 14. Rac1 Rc8 15. Nf3 Bg4 16. d4 e6 17. Ba3 Re8 18. Bd6 Bxf3 19. Bxf3 bxc4 20. bxc4 Nb6 21. c5 Nc4 22. Bg3 e5 23. Be2 exd4 24.
exd4 Bh6 25. Ra1 Qa5 26. Bxc4 dxc4 27. Be5 Nd5 28. Ne4 Bg7 29. Nd6 Bxe5 30. dxe5 Qxc5 31. Rac1 c3 32. Nxc8 Rxc8 33. Re1 Re8 34. h3 Re6 35. Re2 Kg7 36. Rce1 Nb4 37. Qb3 a5 38. a3 Nd3 39.
Rf1 Rxe5 40. Rc2 Nf4 41. Kh2 Nd5 42. Rfc1 Qd6 43. g3 Rf5 44. Kg1 Qe5 45. Rxc3 Nxc3 46. Qxc3 Qxc3 47. Rxc3 c5 48. a4 Kf6 49. Rb3 c4 50. Rb6+ Ke5 51. Rc6 Kd4 52. Kf1 Rc5 53. Rd6+ Kc3 54. Ke1 Kb3 55. Kd2 c3+ 56. Kc1 Kxa4 57.
Kc2 Kb4 58. Rd4+ Rc4 59. Rd7 f5 60. Rxh7 a4 61. Rb7+ Ka3 62. Rb1 Rc7 63. Ra1+ Kb4 64. Rb1+ Kc4 65. Ra1 Ra7 66. Ra3 Kb4 67. Rxc3 a3 68. Rc8 a2 69. Rb8+ Kc4 70. Rc8+ Kd5 71. Rd8+ Ke6 72. Re8+ Kf7 73. Re1 a1=Q 74. Rxa1 Rxa1 75.
Kd2 Rh1 76. h4 Kf6 77. Ke3 g5 78. Kf3 gxh4 79. gxh4 Rxh4 80. Kg3 Ra4 81. f3 Kg5 82. f4+ 0-1

[Event "*** Titled Tuesday Blitz"]
[Site "Chess.com"]
[Date "2021.04.20"]
[Round "8"]
[White "PotapovaM"]
[Black "Grineva_Marianna"]
[Result "1-0"]
[WhiteElo "2474"]
[BlackElo "2219"]
[TimeControl "180+1"]
[EndTime "11:28:42 PDT"]
[Termination "PotapovaM won by resignation"]

1. d4 d6 2. e4 Nf6 3. Nc3 g6 4. Bg5 Bg7 5. e5 Nfd7 6. exd6 cxd6 7. Qd2 Nf6 8. Nf3 Nc6 9. Be2 Bf5 10. O-O O-O 11.
Rfe1 Rc8 12. a3 Re8 13. h3 e5 14. Nd5 Nxd4 15. Nxd4 exd4 16. Bd3 Be6 17. Bb5 Rf8 18. Nf4 Rc5 19. Bf1 Bf5 20. Bd3 Qc8 21. Rac1 Bxd3 22.
Nxd3 Rf5 23. Nb4 Qc5 24. Bf4 a5 25. Nd3 Qd5 26. Bh2 Ne4 27. Qd1 Nc5 28. Nf4 Qc6 29.
Qg4 Rc8 30. h4 Ne4 31. Nd3 Qd5 32. Qxe4 Qxe4 33. Rxe4 d5 34. Re2 b5 35. b4 Rf6 36.
Kf1 Ra6 37. Be5 axb4 38. Bxg7 Kxg7 39. axb4 Ra3 40. Rd2 Rac3 41. Ke2 f5 42. f4 Kf6 43.
Kf3 Ra3 44. Kf2 Ra6 45. Nc5 Ra3 46. Rxd4 Rc3 47. Rd3 Rc4 48. c3 Rxf4+ 49. Rf3 Rxh4 50. Rd1 Rc4 51. Rxd5 Kg5 52. Rd7 Re8 53. Rxh7 Rg4 54.
Rg3 Rd8 55. Rxg4+ Kxg4 56. Rh3 Rd2+ 57. Kg1 Rc2 58. Rf3 Rc1+ 59. Kh2 Rc2 60. Rg3+ Kh5 61. Ne6 Rc1 62. Nf4+ Kh6 63. Rxg6+ Kh7 64. Rg3 Rc2 65. Nd5 Kh6 66. Ne3 f4 67. Nxc2 fxg3+ 68. Kxg3 Kg5 69. Nd4 Kf6 70. Nxb5 Ke5 71. Nd4 Kd5 72. Ne2 Kc4 73. Kf3 Kb5 74. g4 Kc4 75. g5 Kd5 76. g6 Ke6 77. Nf4+ Kf6 78. Kg4 Kg7 79. b5 Kg8 80. b6 Kf8 81. b7 1-0

[Event "*** Titled Tuesday Blitz"]
[Site "Chess.com"]
[Date "2021.04.20"]
[Round "8"]
[White "vinniethepooh"]
[Black "nikitakhoroshev"]
[Result "1/2-1/2"]
[WhiteElo "2745"]
[BlackElo "2640"]
[TimeControl "180+1"]
[EndTime "11:28:45 PDT"]
[Termination "Game drawn - insufficient material"]

1. d4 Nf6 2. c4 e6 3. Nc3 d5 4. cxd5 exd5 5. Bg5 Bb4 6. e3 h6 7. Bh4 g5 8. Bg3 Ne4 9. Ne2 h5 10. h4 Nxg3 11. Nxg3 gxh4 12. Nxh5 c6 13. Be2 Qg5 14. Nf4 Bd6 15. g3 Qf6 16. Nh5 Rxh5 17. Bxh5 hxg3 18.
Qf3 gxf2+ 19. Qxf2 Qxf2+ 20. Kxf2 Be6 21. e4 dxe4 22. Nxe4 Be7 23. Rae1 Kd7 24. Bxf7 Bf5 25. Rh8 b6 26. Be8+ Kc7 27. Ng3 Bf6 28. Rf8 Bxd4+ 29. Kf3 Bc8 30. Rf7+ Kd8 31. Ne4 Be6 32. Rh7 Nd7 33.
Bxd7 Bxd7 34. Ng5 Rc8 35. Rd1 c5 36. Re1 Rc6 37. Nf7+ Kc7 38. Ne5 Rf6+ 39. Kg3 Bxe5+ 40. Rxe5 Rd6 41. Kf3 a5 42. Ke3 a4 43. Re4 b5 44.
Re5 Kb6 45. Rhh5 c4 46. Rd5 Re6+ 47. Kd2 Bc6 48. Rde5 Rd6+ 49. Kc1 Rg6 50. Re1 b4 51. Rhe5 Rg2 52. R5e2 Rg3 53. Rd1 c3 54. bxc3 Rxc3+ 55. Rc2 Rxc2+ 56. Kxc2 Kc5 57. Rg1 Bd5 58. Kb2 a3+ 59. Kb1 b3 60. axb3 Bxb3 61. Rg3 Kb4 62. Rg4+ Bc4 63. Ka1 Kb3 64. Rg7 Kb4 65. Rb7+ Kc3 66.
Rb8 a2 67. Rb7 Kd4 68. Kb2 Bd5 69. Rc7 Ke5 70. Re7+ Be6 71. Rc7 Kf6 72. Rc1 Bf7 73. Rf1+ Kg7 74. Kc3 Bg8 75. Kd4 Kh8 76. Ke5 Bh7 77.
Rh1 Kg7 78. Rg1+ Kh8 79. Ra1 Bb1 80. Rxa2 Bxa2 1/2-1/2

[Event "*** Titled Tuesday Blitz"]
[Site "Chess.com"]
[Date "2021.04.20"]
[Round "8"]
[White "iulik86"]
[Black "Hangar-18"]
[Result "1-0"]
[WhiteElo "2567"]
[BlackElo "2344"]
[TimeControl "180+1"]
[EndTime "11:28:50 PDT"]
[Termination "iulik86 won by checkmate"]

1. e4 c6 2. d4 d5 3. e5 c5 4. Nf3 Nc6 5. dxc5 Bg4 6. Bb5 e6 7. Be3 Nh6 8. c3 Nf5 9. Bd4 Be7 10. Nbd2 Rc8 11. Qa4 Bxf3 12. Nxf3 a6 13. Bd3 O-O 14.
Bxf5 exf5 15. O-O Qc7 16. Rfe1 Nd8 17. b4 Ne6 18. Qc2 g6 19. Qd2 Rfe8 20. h4 Bf8 21. h5 f4 22. hxg6 hxg6 23. Nh2 Qe7 24. Ng4 Qh4 25.
Nf6+ Kg7 26. Nxe8+ Rxe8 27. Qd3 Be7 28. Kf1 Qh1+ 29.
Ke2 Qxg2 30. Qf3 Qxf3+ 31. Kxf3 g5 32. Kg4 Kg6 33. Rh1 Nxd4 34. cxd4 f6 35. Rae1 f5+ 36. Kf3 Rg8 37. e6 Bf6 38. Rd1 Re8 39. Rhe1 Bg7 40. e7 Bf6 41. Re6 Kf7 42. Rd6 Rxe7 43. Rxd5 Re4 44. Rd7+ Kg6 45. Rxb7 g4+ 46. Kg2 f3+ 47.
Kg1 Bxd4 48. c6 g3 49. Rxd4 Rxd4 50. fxg3 Rc4 51. Rb6 Kg5 52. Kf2 Kg4 53. Rxa6 Rxb4 54. c7 Rb2+ 55. Kf1 Rc2 56. Rg6+ Kh5 57. Rg7 Kh6 58.
Rd7 Kg5 59. a4 Kg4 60. Rg7+ Kh3 61. a5 Rc1+ 62. Kf2 Rc3 63. a6 Rc2+ 64. Kxf3 Rc3+ 65. Kf4 Rc4+ 66. Kxf5 Rc5+ 67. Ke6 Rc6+ 68. Kd7 Rxa6 69. c8=Q Ra7+ 70. Kd8+ Kg2 71. g4 Rxg7 72. Qf5 Kg3 73. g5 Kh4 74. g6 Rg8+ 75. Ke7 Rg7+ 76. Kf8 Ra7 77. g7 Ra8+ 78. Kf7 Ra7+ 79. Kg6 Ra6+ 80. Qf6+ Rxf6+ 81. Kxf6 Kh5 82. g8=Q Kh4 83. Qg2 Kh5 84. Qg5# 1-0

[Event "*** Titled Tuesday Blitz"]
[Site "Chess.com"]
[Date "2021.04.20"]
[Round "8"]
[White "Indianlad"]
[Black "vugarrasulov"]
[Result "1/2-1/2"]
[WhiteElo "2925"]
[BlackElo "2846"]
[TimeControl "180+1"]
[EndTime "11:28:51 PDT"]
[Termination "Game drawn by stalemate"]

1. c4 Nf6 2. Nc3 g6 3. g3 Bg7 4. Bg2 O-O 5. Nf3 d6 6. O-O Nc6 7. d3 e5 8. Rb1 a5 9. a3 Re8 10. Bg5 h6 11. Bxf6 Bxf6 12. b4 axb4 13. axb4 Bg7 14. e3 Be6 15. Nd2 e4 16. d4 f5 17.
Qc2 Bf7 18. b5 Ne7 19. Ra1 Qd7 20. Ne2 c5 21. bxc6 bxc6 22. Rxa8 Rxa8 23. h4 c5 24. Rb1 cxd4 25. Nxd4 Nc6 26. Nb5 Ne5 27. Qb3 Rc8 28.
Bf1 g5 29. hxg5 hxg5 30. Qb4 Bf8 31. Rd1 d5 32. Qb1 dxc4 33. Nxc4 Nf3+ 34. Kg2 Qc6 35. Nbd6 Bxd6 36. Nxd6 Ne1+ 37. Rxe1 Qxd6 38. Rd1 Qe5 39. Qb7 Rf8 40. Qc6 Kg7 41. Bc4 f4 42. Bxf7 Rxf7 43.
Rd5 f3+ 44. Kh3 Qf6 45. Qxf6+ Kxf6 46. Kg4 Ra7 47. Rxg5 Ra2 48. Rf5+ Ke6 49. Kf4 Rxf2 50. Kxe4 Ra2 51. Rxf3 Ra4+ 52. Kd3 Ra3+ 53. Ke2 Ke5 54. Rf4 Ra1 55. Kf2 Ra2+ 56. Kf3 Ra1 57. Rb4 Rf1+ 58. Kg4 Rf8 59. Rf4 Rg8+ 60. Kf3 Rh8 61. g4 Rh3+ 62. Ke2 Rh1 63. Ra4 Rb1 64. Kf2 Rb3 65. Kf3 Rb1 66. Ra5+ Kf6 67. g5+ Kg6 68. e4 Rf1+ 69. Ke3 Re1+ 70.
Kf4 Rf1+ 71. Ke5 Kxg5 72. Ra6 Rf8 73. Kd5 Kf4 74. e5 Kf5 75. e6 Kf6 76. Ra7 Rd8+ 77. Rd7 Rxd7+ 78. exd7 Ke7 79. Kc6 Kd8 80. Kd6 1/2-1/2

[Event "*** Titled Tuesday Blitz"]
[Site "Chess.com"]
[Date "2021.04.20"]
[Round "8"]
[White "ChessQueen"]
[Black "Mikasinski"]
[Result "1/2-1/2"]
[WhiteElo "2695"]
[BlackElo "2521"]
[TimeControl "180+1"]
[EndTime "11:28:51 PDT"]
[Termination "Game drawn - insufficient material"]

1. e4 c5 2. c3 Nf6 3. e5 Nd5 4. d4 cxd4 5. Nf3 e6 6. cxd4 d6 7. Bc4 Nc6 8. O-O Be7 9. Qe2 O-O 10. Rd1 Na5 11. Bd3 Nb4 12. Be4 d5 13. Bc2 Nxc2 14. Qxc2 Bd7 15. Nc3 Rc8 16. Qe2 a6 17.
h4 Bxh4 18. g3 Be7 19. Kg2 f5 20. exf6 Bxf6 21. Bf4 Nc6 22. Rd2 Rf7 23. Rh1 Qf8 24. Qd3 g6 25. a3 Re8 26. Bh6 Bg7 27. Bxg7 Rxg7 28. Re2 Qf5 29. Qe3 Rf8 30. Rh4 g5 31.
Rh5 Qg4 32. Rxg5 Rxg5 33. Nxg5 Nxd4 34. f3 Qf5 35. Qxd4 Qxg5 36. Re5 Qg6 37. f4 Rf5 38. Qb6 Rxe5 39. fxe5 Bc6 40. Qd8+ Kg7 41. Qe7+ Qf7 42.
Qg5+ Kf8 43. Qd8+ Be8 44. Ne2 Qe7 45. Qb8 Qc5 46. Nf4 Qc6 47. Kh3 Ke7 48. Qa7 Qc7 49. Qd4 Bf7 50. Qb4+ Ke8 51. Qd4 Qe7 52. Qb6 Qg5 53.
Qd6 Qf5+ 54. Kh4 Qe4 55. Qb8+ Ke7 56. Qxb7+ Kf8 57. Qb4+ Kg7 58. Qxe4 dxe4 59. Kh3 Bg6 60. Kg2 Bf5 61. Kf2 Kh6 62. Ke3 Kg5 63. Ne2 Kg4 64. b4 h5 65. a4 Bg6 66. b5 axb5 67. axb5 Be8 68. b6 Bc6 69. Nf4 Kf5 70. Nxh5 Kxe5 71.
g4 Bb7 72. Ng3 Bc6 73. g5 Bb7 74. g6 Kf6 75. Nxe4+ Kxg6 76. Kd4 Kg7 77. Ke5 Kf8 78. Nd6 Bd5 79. Nb5 Ke7 80. Nc7 Bb7 81. Nxe6 Kd7 82. Nc5+ Kc6 83. Nxb7 Kxb6 1/2-1/2